 Dungeon Crawl Stone Soup version 0.16.1-16-gc44b35d (webtiles) character file.

103 Chiseanne the Ducker (level 4, -15/33 HPs)
             Began as a High Elf Monk on Apr 26, 2015.
             Was a Believer of Makhleb.
             Demolished by an ogre
             ... wielding a +0 giant club
              (18 damage)
             ... on level 3 of the Dungeon.
             The game lasted 00:06:56 (2804 turns).

Chiseanne the Ducker (High Elf Monk)                Turns: 2804, Time: 00:06:56

Health: -15/33     AC:  7    Str: 11    XL:     4   Next: 51%
Magic:  7/7        EV: 13    Int: 14    God:    Makhleb [**....]
Gold:   121        SH:  0    Dex: 17    Spells: 0 memorised, 3 levels left

rFire  . . .     SeeInvis .     n - +0 short sword
rCold  . . .     Clarity  .     d - +1 ring mail
rNeg   . . .     SustAb   .     (no shield)
rPois  .         Gourm    .     l - +0 helmet
rElec  .         Spirit   .     (no cloak)
rCorr  +         Warding  .     (no gloves)
rMut   .         Stasis   .     (no boots)
MR     .....                    e - amulet of resist corrosion
Stlth  ++........               (no ring)
                                (no ring)

@: not resistant to hostile enchantments, unstealthy
A: no striking features
a: Minor Destruction, Renounce Religion


You were on level 3 of the Dungeon.
You worshipped Makhleb.
Makhleb was pleased with you.
You were not hungry.

You visited 1 branch of the dungeon, and saw 3 of its levels.

You collected 121 gold pieces.

Inventory:

Hand weapons
 n - a +0 short sword (weapon)
 q - a +0 mace
Missiles
 g - 33 sling bullets
 p - 2 tomahawks (quivered)
 r - 9 poisoned needles
 s - 24 arrows
 x - 9 poisoned sling bullets
 y - 8 bolts of flame
Armour
 d - a +1 ring mail (worn)
 l - a +0 helmet (worn)
Jewellery
 e - an amulet of resist corrosion (around neck)
Scrolls
 c - 2 scrolls of remove curse
 j - a scroll of teleportation
 k - a scroll of amnesia
 t - a scroll of immolation
Potions
 a - a potion of cancellation
 f - a potion of ambrosia
 h - 2 potions of poison {unknown}
 i - 2 potions of agility
 m - 2 potions of invisibility
 o - 3 potions of curing {unknown}
 u - a potion of haste {unknown}
Comestibles
 b - 2 bread rations
 v - 3 beef jerkies
 w - a meat ration


   Skills:
 * Level 3.9 Fighting
 * Level 5.0 Dodging
 - Level 2.1 Stealth
 - Level 3.2 Unarmed Combat
 * Level 0.7 Invocations


You had 3 spell levels left.
You didn't know any spells.

Dungeon Overview and Level Annotations

Branches:
Dungeon (3/15)

Altars:
Fedhas
Makhleb
Vehumet


Message History

You hit the ogre.
The ogre is moderately wounded.
The ogre completely misses you.
You barely miss the ogre.
The ogre is moderately wounded.
You hit the ogre but do no damage.
The ogre is moderately wounded.
The ogre barely misses you.
You hit the ogre.
The ogre is heavily wounded.
The ogre hits you with a giant club.
You closely miss the ogre.
The ogre is heavily wounded.
The ogre hits you with a giant club!
* * * LOW HITPOINT WARNING * * *
You hit the ogre.
The ogre is heavily wounded.
The ogre hits you with a giant club!!
Ouch! That really hurt!
You die...

#..#.......#.#
#..#.....$.#.# .
#..##.....##.# #.#
#..####.####.#
##.#
#............#
...#
#.###......###
#..# #.# #.....##
#..# ##.# #O#####
#####..# #..# #@#
...##..# #.## #.#
##.##..# #.# #.#
.......####.####.#
##.##............#
#.########.######
#.########.#
#...>......#
############


You could see an ogre.

Vanquished Creatures
  A gnoll (D:1)
  4 adders
  A worm (D:1)
  2 giant geckos
  An ooze (D:2)
  An orc (D:3)
  9 hobgoblins
  5 kobolds
  2 ball pythons (D:1)
  6 bats
  2 giant cockroaches
  5 giant newts
  5 goblins
  2 jackals (D:1)
  7 rats
53 creatures vanquished.

Notes
Turn   | Place    | Note
--------------------------------------------------------------
     0 | D:1      | Chiseanne, the High Elf Monk, began the quest for the Orb.
     0 | D:1      | Reached XP level 1. HP: 16/16 MP: 2/2
   355 | D:1      | Reached XP level 2. HP: 19/21 MP: 3/3
   541 | D:1      | Reached skill level 4 in Dodging
   844 | D:1      | Reached XP level 3. HP: 26/26 MP: 5/5
   961 | D:1      | HP: 1/26 [worm (9)]
  1416 | D:2      | Found a burning altar of Makhleb.
  1483 | D:2      | Became a worshipper of Makhleb the Destroyer
  1483 | D:2      | Acquired Makhleb's first power
  1483 | D:2      | Acquired Makhleb's second power
  2131 | D:3      | Found a blossoming altar of Fedhas.
  2172 | D:3      | Noticed an ogre
  2302 | D:3      | Found a radiant altar of Vehumet.
  2310 | D:3      | Reached XP level 4. HP: 33/33 MP: 7/7
  2672 | D:3      | Reached skill level 5 in Dodging
  2804 | D:3      | Demolished by an ogre

Action                   |  1- 3 |  4- 6 || total
-------------------------+-------+-------++-------
Melee: Unarmed           |    99 |       ||    99
       Short sword       |   106 |    70 ||   176
  Use: Scroll            |    11 |     1 ||    12
  Eat: Chunk             |     4 |     2 ||     6
